 Dungeon Crawl Stone Soup version 0.32-a0-859-gb0a091d592 (webtiles) character file.

Game seed: 8614100836569669461

193 Alarak the Covert (level 5, -4/28 HPs)
             Began as a Vampire Enchanter on Mar 27, 2024.
             Slain by Natasha (8 damage)
             ... on level 3 of the Dungeon.
             The game lasted 00:07:52 (2181 turns).

Alarak the Covert (Vampire Enchanter)               Turns: 2181, Time: 00:07:52

Health: -4/28      AC:  2    Str:  7    XL:     5   Next: 44%
Magic:  2/8        EV: 12    Int: 17    God:
Gold:   104        SH:  0    Dex: 17    Spells: 3/8 levels left

rFire   . . .        a - +2 dagger (elec)
rCold   + + .        (no shield)
rNeg    + + +        b - +0 robe
rPois   ∞            (no helmet)
rElec   .            (no cloak)
rCorr   .            (no gloves)
SInv    +            (no boots)
Will    .....        (no amulet)
Stlth   ++++++       d - ring of wizardry
HPRegen 0.00/turn    (no ring)
MPRegen 0.11/turn

%: wizardry (x1)
@: bloodless, inhibited regen, invisible
A: bloodless, fangs 3, see invisible, vampiric 2
a: Bat Form, Revivify


You were on level 3 of the Dungeon.
You visited 1 branch of the dungeon, and saw 3 of its levels.

You collected 104 gold pieces.

Inventory:

Hand Weapons
 a - a +2 dagger of electrocution (weapon)
 f - a +1 dagger of venom
Armour
 b - a +0 robe (worn)
Magical Staves
 i - a staff of alchemy
Jewellery
 d - a ring of wizardry (left hand)
Wands
 m - a wand of polymorph (8)
Scrolls
 l - 3 scrolls of identify {unknown}
Potions
 c - a potion of invisibility
 e - a potion of degeneration {unknown}
 g - 2 potions of enlightenment {unknown}
 h - 2 potions of heal wounds {unknown}
 j - a potion of attraction {unknown}
 k - a potion of ambrosia {unknown}
 n - a potion of might {unknown}
 o - a potion of lignification {unknown}
 p - a potion of brilliance {unknown}


   Skills:
 + Level 2.3 Short Blades
 - Level 3.0 Dodging
 - Level 8.1 Stealth
 - Level 2.0 Spellcasting
 - Level 5.0 Hexes


You had 3 spell levels left.
You knew the following spells:

 Your Spells              Type           Power      Damage    Failure   Level
a - Ensorcelled Hibernat  Hex/Ice        20%        N/A       4%          2
b - Confusing Touch       Hex            18%        N/A       3%          3

Your spell library contained the following spells:

 Spells                   Type           Power      Damage    Failure   Level
 Tukima's Dance           Hex            18%        N/A       3%          3
 Dazzling Flash           Conj/Hex       20%        N/A       9%          3
 Frozen Ramparts          Ice            2%         1d1       22%         3
 Ozocubu's Armour         Ice            1%         N/A       22%         3
 Metabolic Englaciation   Hex/Ice        5%         N/A       56%         5


Dungeon Overview and Level Annotations

Branches:
Dungeon (3/15)

Altars:

Annotations:
D:3 Grinder, Natasha


Innate Abilities, Weirdness & Mutations

You do not regenerate when monsters are visible.
You are frail without blood (-20% HP).
You can heal yourself when you bite living creatures.
You are immune to poison.
You have razor-sharp teeth.
You have supernaturally acute eyesight. (SInv)
You are afflicted with vampirism and can become a bat while bloodless.


Message History

The cerulean imp closely misses you. Grinder gestures at you.
You resist with significant effort.
You fade into invisibility!
The cerulean imp hits you from afar with a +2 spear!
* * * LOW HITPOINT WARNING * * *
The cerulean imp barely misses you. Grinder barely misses you.
Natasha mumbles some strange words.
Your hands stop glowing.
You see here an adder skeleton.
Natasha howls an incantation.
You feel disoriented.
Natasha casts a spell.
You are too injured to fight recklessly!
Casting: Confusing Touch (dangerous; 3% risk of failure)
Confirm with . or Enter, or press ? or * to list all spells.
Aiming: Ensorcelled Hibernation (safe; 4% risk of failure)
Press: ? - help, Shift-Dir - straight line, f - Natasha
Aim: Natasha (chance to affect: 44%) Natasha resists with some effort.
Casting: Ensorcelled Hibernation (safe; 4% risk of failure)
Confirm with . or Enter, or press ? or * to list all spells.
Aiming: Ensorcelled Hibernation (safe; 4% risk of failure)
Press: ? - help, Shift-Dir - straight line, f/p - Natasha
Aim: Natasha (chance to affect: 44%) Natasha resists with some effort.
Casting: Ensorcelled Hibernation (safe; 4% risk of failure)
Confirm with . or Enter, or press ? or * to list all spells.
Aiming: Ensorcelled Hibernation (safe; 4% risk of failure)
Press: ? - help, Shift-Dir - straight line, f/p - Natasha
Aim: Natasha (chance to affect: 44%) Natasha resists with some effort.
Natasha barely misses you.
Okay, then.
Okay, then.
You closely miss Natasha. Your bite misses Natasha. Natasha misses you.
You hit Natasha.
Natasha is lightly wounded.
Natasha claws you!
You die...
Natasha curls up and begins to purr.

..# ### ....## ##.# ..#..#
##..#### #..#..## #......#
#.. #..# #.####.# .. #..##
#.# #.##.# #...### #.# #.<#.#
##..h.#### #.# ##.@.#
####..5...# ##.#####.h##
..#####...## #....##..## #.#
##.... #....##..### #.#
####.... #.....#...÷##
#.###.h.5..#
#.......##(.###.#..5######
######.#....h....#.#### #
##...##...###..÷.......#####
##..........##....#.###..>...


You could see Natasha.

Vanquished Creatures
  A howler monkey (D:3)
  An orc priest (D:2)
  Natasha (D:3)
  An orc wizard (D:2)
  2 adders
  2 dart slugs
  2 orcs
  5 endoplasms
  A giant cockroach (D:2)
  7 goblins
  3 hobgoblins
  2 kobolds (D:2)
  2 quokkas
  5 ball pythons
  6 bats
  4 frilled lizards (D:1)
  8 rats
53 creatures vanquished.

Notes
Turn   | Place    | Note
-------+----------+-------------------------------------------
     0 | D:1      | Alarak the Vampire Enchanter began the quest for the Orb.
     0 | D:1      | Reached XP level 1. HP: 13/13 MP: 3/3
   177 | D:1      | Reached skill level 5 in Stealth
   299 | D:1      | Reached XP level 2. HP: 15/15 MP: 5/5
   408 | D:1      | Learned a level 2 spell: Ensorcelled Hibernation
   859 | D:1      | Reached skill level 6 in Stealth
  1013 | D:2      | Gained mutation: You are afflicted with vampirism and can
                  | become a bat while bloodless. [Vampire growth]
  1013 | D:2      | Reached XP level 3. HP: 19/19 MP: 6/6
  1076 | D:2      | Reached skill level 7 in Stealth
  1076 | D:2      | Reached XP level 4. HP: 10/24 MP: 2/7
  1086 | D:2      | Reached skill level 8 in Stealth
  1284 | D:2      | Learned a level 3 spell: Confusing Touch
  1507 | D:2      | Reached skill level 5 in Hexes
  1822 | D:3      | Noticed Grinder
  2002 | D:3      | Noticed Natasha
  2009 | D:3      | Killed Natasha
  2010 | D:3      | Reached XP level 5. HP: 15/28 MP: 1/8
  2142 | D:3      | Noticed Natasha
  2148 | D:3      | Paralysed by Grinder for 4 turns
  2181 | D:3      | Slain by Natasha

Illustrated notes

Levels and vault maps discovered:
D:1:      spicycebolla_arrival_ecumenical, layout_basic, serial_aquarium,
          aquarium_bridge_straight [aquarium_subvault_bridge,
          aquarium_subvault_window, aquarium_subvault_bridge,
          aquarium_subvault_balcony], aquarium_window_2, aquarium_window_fake,
          aquarium_window_1, aquarium_window_fake, aquarium_view_2b,
          aquarium_pool_corner, minmay_tromino_v2
D:2:      layout_rooms
D:3:      layout_rooms, uniq_natasha, uniq_grinder

Skill      XL: |  1  2  3  4  5 |
---------------+----------------+-----
Stealth        | 5 6 7 8 |  8.1
Hexes          | 5 |  5.0
Dodging        | 3 |  3.0
Short Blades   | 2 |  2.3
Spellcasting   | |  2.0

Action                     |  1- 3 |  4- 6 || total
---------------------------+-------+-------++-------
  Melee: Dagger            |    36 |    54 ||    90
         Bite              |       |     3 ||     3
   Cast: Ensorcelled Hiber |     6 |    19 ||    25
         Confusing Touch   |       |     3 ||     3
Ability: Exsanguinate      |     1 |       ||     1
    Use: Scroll            |     2 |     2 ||     4
         Potion            |       |     1 ||     1
   Stab: Sleeping          |    18 |    17 ||    35
         Confused          |       |     1 ||     1
 Armour: Robe              |    20 |    36 ||    56
  Dodge: Dodged            |    14 |    29 ||    43

Table legend: (Time is in decaauts)
 A = Elapsed time spent in this place.
 B = Non-inter-level travel time spent in this place.
 C = Inter-level travel time spent in this place.
 D = Time resting spent in this place.
 E = Time spent auto-exploring this place.
 F = Levels seen in this place.
 G = Mean time per level.
                   A        B        C        D        E       F      G
               +--------+--------+--------+--------+--------+-----+--------+
         Total |   2172 |   2105 |     67 |    467 |   1229 |   3 |  724.0 |
       Dungeon |   2172 |   2105 |     67 |    467 |   1229 |   3 |  724.0 |
               +--------+--------+--------+--------+--------+-----+--------+

Top non-repeatable levels by time:
     D:1: 1005 daAuts
     D:2: 705 daAuts
     D:3: 462 daAuts
